 Dungeon Crawl Stone Soup version 0.20-a0-274-g7b51309 (webtiles) character file.

383078 PurpleRed the Sensei (level 21, -5/174 HPs)
             Began as a Vampire Transmuter on Dec 10, 2016.
             Was the Champion of Okawaru.
             Slain by a vault guard
             ... wielding a +0 bardiche
              (17 damage)
             ... on level 3 of the Vaults on Dec 11, 2016.
             The game lasted 04:48:00 (56776 turns).

PurpleRed the Sensei (Vampire Transmuter)          Turns: 56776, Time: 04:48:00

Health: -5/174     AC: 14    Str: 18    XL:     21   Next: 94%
Magic:  26/43      EV: 42    Int: 16    God:    Okawaru [******]
Gold:   4287       SH:  0    Dex: 28    Spells: 0/38 levels left

rFire  + . .     SeeInvis +       - Unarmed
rCold  + . .     Gourm    .     U - +2 robe "Naagoen" {-Tele rF+ Str+2 Dex+7}
rNeg   + . .     Faith    +     (shield currently unavailable)
rPois  .         Spirit   .     D - +2 hat {MR+}
rElec  +         Reflect  .     Z - +1 cloak of Starlight {rElec rC+ EV+4 Stlth--}
rCorr  .         Harm     .     (gloves currently unavailable)
MR     +++..     NoTele   +     Y - +1 pair of boots {Stlth+}
Stlth  +++.......               b - amulet of faith
                                k - +4 ring of protection
                                G - ring "Mokorak" {rElec MP+9 Dex+4}

@: lethally poisoned (-5 -> -10), blade hands, heroism, finesse, very slightly
contaminated, invisible
A: fangs 3, repulsion field 1, see invisible, unbreathing
}: 2/15 runes: decaying, serpentine
a: Bat Form, End Transformation, Heroism, Finesse, Renounce Religion


You were on level 3 of the Vaults.
You worshipped Okawaru.
Okawaru was exalted by your worship.
You were not thirsty.
You had blades for hands.
You visited 8 branches of the dungeon, and saw 38 of its levels.
You also visited: Wizlab.

You collected 5053 gold pieces.
You spent 766 gold pieces at shops.

Inventory:

Missiles
 a - 26 arrows
Armour
 h - a +1 pair of gloves (melded)
 x - the +1 cloak of the Hidden Vale {rCorr Str+5}
   (Okawaru gifted it to you on level 3 of the Vaults)

   It affects your strength (+5).
   It protects you from acid and corrosion.
 D - a +2 hat of magic resistance (worn)
 S - a +2 buckler of reflection (melded)
 U - the +2 robe "Naagoen" (worn) {-Tele rF+ Str+2 Dex+7}
   (Okawaru gifted it to you on level 1 of the Orcish Mines)

   It affects your strength (+2).
   It affects your dexterity (+7).
   It protects you from fire.
   It prevents most forms of teleportation.
 Y - a +1 pair of boots of stealth (worn)
 Z - the +1 cloak of Starlight (worn) {rElec rC+ EV+4 Stlth--}
   (You found it on level 3 of the Elven Halls)

   It affects your evasion (+4).
   It protects you from cold.
   It insulates you from electricity.
   It makes you much less stealthy.
Jewellery
 b - an amulet of faith (around neck)
 c - the amulet of the Air {Inacc +Fly rElec EV+5 RMsl}
   (You found it on level 3 of the Elven Halls)

   [amulet of inaccuracy]

   It reduces the accuracy of all your attacks.
   It affects your evasion (+5).
   It insulates you from electricity.
   It lets you fly.
   It protects you from missiles.
 k - a +4 ring of protection (right scythe-like blade)
 s - an uncursed ring of wizardry
 G - the ring "Mokorak" (left scythe-like blade) {rElec MP+9 Dex+4}
   (You took it off a deep elf mage on level 3 of the Elven Halls)

   [ring of dexterity]

   It affects your dexterity (+4).
   It insulates you from electricity.
   It affects your magic capacity (+9).
 T - an uncursed ring of protection from cold
Wands
 E - a wand of acid (7/15)
 H - a wand of disintegration (10/24)
 J - a wand of polymorph (8/24)
 L - a wand of digging (19/24)
 M - a wand of lightning (8/15)
Scrolls
 f - 4 scrolls of fear
 g - 6 scrolls of fog
 i - 10 scrolls of identify
 m - 3 scrolls of amnesia
 r - 3 scrolls of magic mapping
 y - 3 scrolls of teleportation
 A - 9 scrolls of remove curse
 C - 5 scrolls of blinking
 F - a scroll of summoning
 N - 4 scrolls of enchant weapon
 Q - 2 scrolls of enchant armour
 W - 2 scrolls of silence
 X - 3 scrolls of recharging
Potions
 d - 64 potions of blood
 l - a potion of cancellation
 n - 12 potions of curing
 o - 3 potions of magic
 p - 4 potions of brilliance
 q - 3 potions of agility
 t - 4 potions of ambrosia
 u - 2 potions of heal wounds
 v - 5 potions of might
 w - 2 potions of haste
 z - 12 potions of lignification
 B - 2 potions of flight
 I - 3 potions of invisibility
 K - 3 potions of berserk rage
Miscellaneous
 e - a phial of floods
 j - 3 phantom mirrors
 O - a sack of spiders
 P - a lamp of fire
 V - a fan of gales


   Skills:
 + Level 17.2(22.2) Fighting
 + Level 18.2(23.2) Dodging
 - Level 4.1(9.1) Shields
 - Level 22.3(27) Unarmed Combat
 - Level 9.1 Spellcasting
 * Level 17.8 Hexes
 - Level 3.0 Charms
 - Level 4.2 Necromancy
 - Level 10.0 Transmutations
 - Level 8.2 Invocations
 - Level 8.0 Evocations


You couldn't memorise any spells.
You knew the following spells:

 Your Spells              Type           Power        Failure   Level  Hunger
a - Beastly Appendage     Tmut           #####.       10%         1    None
b - Invisibility          Hex            ######..     14%         6    ######.
c - Confuse               Hex            ######..     4%          3    #......
d - Blade Hands           Tmut           #####.....   36%         5    #####..
e - Passwall              Tmut/Erth      ###.......   21%         2    None
f - Discord               Hex            ######....   85%         8    #######
g - Confusing Touch       Hex            ######       3%          1    None
h - Sticks to Snakes      Tmut           #####...     10%         2    None
i - Yara's Violent Unrav  Hex/Tmut       ######....   14%         5    #####..
j - Blink                 Tloc           N/A          58%         2    None
r - Regeneration          Chrm/Necr      ###.......   45%         3    #......


Dungeon Overview and Level Annotations

Branches:
Dungeon (15/15)            Temple (1/1) D:4            Lair (6/6) D:11
  Swamp (4/4) Lair:4        Snake (4/4) Lair:3        Slime (0/5) Lair:5
    Orc (2/2) D:9             Elf (3/3) Orc:2        Vaults (3/5) D:14
 Depths (0/5) D:15
  Crypt: Vaults:2-3

Altars:
Ashenzari
Cheibriados
Dithmenos
Elyvilon
Fedhas
Gozag
Hepliaklqana
Kikubaaqudgha
Makhleb
Nemelex Xobeh
Okawaru
Qazlal
Ru
Sif Muna
Trog
Uskayaw
Vehumet
Xom
Yredelemnul
Zin
The Shining One
Beogh

Shops:
D:5 [   D:9 [   D:11 !%[:   Orc:2 :?%(   Elf:3 [(   Snake:4 %

Annotations:
D:8 Gastronok


Innate Abilities, Weirdness & Mutations

You have razor-sharp teeth.
You have supernaturally acute eyesight. (SInv)
You can survive without breathing.
You are surrounded by a mild repulsion field. (EV +2)


Message History

The vault warden misses you. The vault guard misses you.
The vault guard completely misses you.
Casting: Blade Hands
Confirm with . or Enter, or press ? or * to list all spells.
Your hands turn into razor-sharp scythe blades.
Your +1 pair of gloves melds into your body.
Your +2 buckler of reflection melds into your body.
You feel sick.
The vault warden hits you with a halberd of venom!!
* * * LOW HITPOINT WARNING * * *
You are more poisoned.
You feel much better.
You feel sick.
The vault guard hits you but does no damage.
The vault guard misses you. The vault warden completely misses you.
You can now deal lightning-fast blows.
You feel sick.
The vault guard hits you with an enchanted war axe!!
* * * LOW HITPOINT WARNING * * *
The vault guard hits you from afar with a bardiche!
You die...

## ..# .... ...#+
####....#.
##############)@p....#.
.............+))p[...#.
.............#..p....#.
.........[...####....#.
.............# ....#+
.............# ......
########.....# ....#
#.....# #####
#.....###############


You could see a vault warden and 2 vault guards.

Vanquished Creatures
  Boris (Vaults:3)
  Rupert (D:14)
  Jorgrun (Elf:3)
  2 deep elf master archers (Elf:3)
  2 deep elf blademasters (Elf:3)
  Kirke (Lair:3)
  3 thorn hunters
  17 nagarajas
  3 deep elf elementalists
  Louise (Swamp:1)
  7 vault wardens
  8 deep elf sorcerers
  An orc warlord (Orc:2)
  A stone giant (Vaults:2)
  3 very ugly things (Swamp:4)
  5 ironheart preservers
  7 deep elf annihilators
  Nessos (Orc:2)
  9 deep elf demonologists
  An ettin (Vaults:2)
  A spark wasp (shapeshifter) (D:15)
  An orange crystal statue (WizLab)
  5 deep elf death magi (Elf:3)
  2 green deaths (Swamp:4)
  Josephine (Lair:4)
  4 deep elf high priests
  A death ooze (Swamp:4)
  A great orb of eyes (Vaults:2)
  A fire dragon (Vaults:2)
  3 yaktaur captains (Vaults:2)
  Erolcha (Orc:1)
  8 vault guards
  13 hydras
  14 naga warriors
  2 hell beasts (Swamp:4)
  A ghost crab (Swamp:3)
  2 ice dragons
  9 anacondas
  9 centaur warriors
  A ghost crab (shapeshifter) (Elf:3)
  10 alligators
  Erica (D:8)
  A catoblepas (Lair:6)
  The ghost of mexichick the Martial Artist, a journeyman OpMo of Cheibriados (D:10)
  16 ogre magi
  A tengu warrior (D:13)
  4 death yaks (Lair:6)
  A deep troll shaman (Lair:6)
  An orc high priest (Elf:1)
  24 dancing weapons
  13 naga sharpshooters
  31 deep elf knights
  11 shock serpents
  Urug (D:14)
  Nergalle (Lair:2)
  A shadow wraith (Vaults:2)
  3 salamander mystics (Snake:4)
  4 unseen horrors
  3 skeletal warriors (Vaults:1)
  A glowing orange brain (D:15)
  4 spriggan druids
  2 sea snakes (Snake:3)
  5 naga ritualists
  11 ironbrand convokers
  A lindwurm (Lair:6)
  6 swamp dragons
  Pikel (D:6)
  A shambling mangrove (Swamp:4)
  29 deep elf archers
  5 orc knights
  5 harpies (Vaults:1)
  5 hill giants
  86 deep elf magi
  2 cyclopes
  A shining eye (shapeshifter) (D:15)
  5 orc sorcerers
  9 mana vipers
  28 ugly things
  2 manticores
  12 salamanders
  Maurice (Orc:2)
  12 elephants
  3 centaur zombies
  19 guardian serpents
  8 vault sentinels
  Psyche (D:8)
  20 naga magi
  A torpor snail (shapeshifter) (Elf:2)
  A black mamba (shapeshifter) (Elf:1)
  22 spiny frogs
  4 orange demons (Swamp:4)
  36 black mambas
  2 spiny frogs (shapeshifter)
  An eye of devastation (shapeshifter) (D:15)
  A torpor snail (Lair:6)
  4 komodo dragons
  6 kobold demonologists
  3 rime drakes (Elf:1)
  2 yaktaurs (Vaults:2)
  An efreet (D:14)
  6 polar bears
  A tengu conjurer (D:13)
  A jumping spider (shapeshifter) (Vaults:3)
  A queen bee (D:9)
  6 trolls
  3 meliai (D:15)
  15 hornets
  29 two-headed ogres
  5 tyrant leeches
  10 bog bodies
  30 slime creatures
  Prince Ribbit (D:6)
  5 blink frogs (Lair:6)
  4 dream sheep (Lair:6)
  7 hippogriffs
  A centaur simulacrum (D:15)
  6 air elementals
  2 shadows
  2 vampires
  10 spriggans
  4 water elementals
  7 wyverns
  6 wraiths
  6 hogs (Lair:3)
  34 yaks
  16 humans
  Grum (D:7)
  A basilisk (Snake:1)
  A fire bat (shapeshifter) (D:15)
  6 fire elementals
  A large abomination (Swamp:4)
  2 hungry ghosts
  13 vampire mosquitoes
  25 swamp worms
  10 insubstantial wisps
  4 wargs
  36 nagas
  Duvessa (D:7)
  8 porcupines
  16 water moccasins
  A hornet zombie (D:8)
  6 swamp drakes
  A slave (D:6)
  41 orc warriors
  5 black bears
  4 phantoms
  6 ice beasts
  3 sky beasts (D:15)
  79 ogres
  43 wolves
  A boggart (shapeshifter) (D:12)
  2 necrophages
  18 centaurs
  5 big kobolds
  12 crocodiles
  17 bullfrogs
  Blork the orc (D:5)
  3 earth elementals
  Dowan (D:7)
  A wyvern skeleton (D:14)
  6 scorpions
  21 killer bees
  9 wights
  5 electric eels
  3 howler monkeys
  12 crimson imps
  A human simulacrum (Vaults:1)
  2 jellies
  31 orc priests
  7 hounds
  3 bullfrog skeletons
  Crazy Yiuf (D:6)
  A gnoll shaman (D:5)
  27 orc wizards
  8 centaur skeletons
  6 iguanas
  12 worker ants
  A killer bee zombie (D:9)
  2 hound skeletons
  4 hound zombies
  4 worker ant zombies
  12 gnolls
  12 adders
  2 shadow imps
  2 worms
  2 dart slugs (D:1)
  5 leopard geckos
  150 orcs
  9 giant cockroaches
  8 hobgoblins
  19 jackals
  26 kobolds
  4 quokkas
  4 ball pythons
  8 bats
  6 frilled lizards
  6 goblins
  A quokka skeleton (D:5)
  A quokka zombie (D:5)
  7 rats
  2 briar patches (Swamp:4)
  3 fungi
1700 creatures vanquished.

Vanquished Creatures (others)
  A deep elf knight (Elf:2)
  3 deep elf magi
  2 yaktaurs
  2 slaves (D:6)
  An orc priest (D:6)
  A hound zombie (D:8)
  An orc (D:6)
  A giant cockroach (D:6)
  A ball python (Snake:3)
  A briar patch (Swamp:4)
  27 fungi
  9 plants
50 creatures vanquished.

Grand Total: 1750 creatures vanquished

Notes
Turn   | Place    | Note
-------+----------+-------------------------------------------
     0 | D:1      | PurpleRed the Vampire Transmuter began the quest for the Orb.
     0 | D:1      | Reached XP level 1. HP: 14/14 MP: 3/3
   181 | D:1      | Reached skill level 4 in Unarmed Combat
   181 | D:1      | Reached XP level 2. HP: 16/20 MP: 3/5
   364 | D:1      | Learned a level 2 spell: Sticks to Snakes
  1166 | D:2      | Reached XP level 3. HP: 25/25 MP: 4/6
  1473 | D:2      | Found a shadowy altar of Dithmenos.
  1570 | D:2      | Reached skill level 5 in Unarmed Combat
  2098 | D:3      | Reached XP level 4. HP: 24/31 MP: 2/7
  2379 | D:3      | Reached skill level 6 in Unarmed Combat
  2446 | D:3      | Reached XP level 5. HP: 32/36 MP: 8/8
  2504 | D:3      | Found a shimmering altar of Xom.
  2626 | D:3      | Learned a level 4 spell: Ice Form
  2811 | D:3      | Reached skill level 1 in Fighting
  2869 | D:4      | Found a staircase to the Ecumenical Temple.
  2908 | Temple   | Entered the Ecumenical Temple
  3059 | Temple   | Became a worshipper of Warmaster Okawaru
  3308 | D:4      | Reached skill level 7 in Unarmed Combat
  3603 | D:5      | Entered Level 5 of the Dungeon
  3756 | D:5      | Reached XP level 6. HP: 33/43 MP: 7/9
  4165 | D:5      | Reached * piety under Okawaru
  4329 | D:5      | Found Yngaezai's Antique Armour Shop.
  4330 | D:5      | Noticed Blork the orc
  4343 | D:5      | Killed Blork the orc
  4343 | D:5      | Reached skill level 8 in Unarmed Combat
  4343 | D:5      | Reached XP level 7. HP: 51/51 MP: 6/10
  4450 | D:5      | Reached skill level 1 in Invocations
  5264 | D:6      | Noticed Prince Ribbit
  5373 | D:6      | Noticed Pikel
  5415 | D:6      | Killed Pikel
  5415 | D:6      | Reached ** piety under Okawaru
  5415 | D:6      | Reached skill level 9 in Unarmed Combat
  5415 | D:6      | Reached XP level 8. HP: 24/60 MP: 8/11
  5577 | D:6      | Reached *** piety under Okawaru
  5658 | D:6      | Reached skill level 10 in Unarmed Combat
  5983 | D:6      | Reached **** piety under Okawaru
  6117 | D:6      | Killed Prince Ribbit
  6117 | D:6      | Reached XP level 9. HP: 66/66 MP: 9/12
  6190 | D:6      | Found a runed door.
  6195 | D:6      | Noticed Crazy Yiuf
  6202 | D:6      | Killed Crazy Yiuf
  6315 | D:6      | Reached skill level 11 in Unarmed Combat
  6402 | D:6      | Reached skill level 5 in Fighting
  6591 | D:6      | Found an ancient bone altar of Kikubaaqudgha.
  6998 | D:7      | Learned a level 5 spell: Blade Hands
  7023 | D:7      | Noticed Dowan
  7027 | D:7      | Noticed Duvessa
  7029 | D:7      | Killed Duvessa
  7034 | D:7      | Killed Dowan
  7370 | D:7      | Reached ***** piety under Okawaru
  7370 | D:7      | Reached skill level 12 in Unarmed Combat
  7759 | D:7      | Found a snail-covered altar of Cheibriados.
  7761 | D:7      | Found an opulent altar of Gozag.
  7942 | D:7      | Found a basalt altar of Yredelemnul.
  7944 | D:7      | Found a blossoming altar of Fedhas.
  8111 | D:7      | Reached XP level 10. HP: 33/76 MP: 13/13
  8265 | D:8      | Received a gift from Okawaru
  8325 | D:8      | Noticed Erica
  8326 | D:8      | Noticed Psyche
  8337 | D:8      | Killed Psyche
  8337 | D:8      | Reached skill level 5 in Dodging
  8342 | D:8      | Killed Erica
  8438 | D:8      | Noticed Gastronok
  8541 | D:8      | Noticed Grum
  8742 | D:7      | Killed Grum
  8821 | D:7      | Reached skill level 13 in Unarmed Combat
  9400 | D:9      | Found Pepnistrant's Armour Emporium.
  9484 | D:9      | Reached skill level 5 in Transmutations
  9598 | D:9      | Received a gift from Okawaru
  9790 | D:9      | Found a staircase to the Orcish Mines.
 10106 | D:9      | Reached XP level 11. HP: 51/80 MP: 10/14
 10598 | D:10     | Entered Level 10 of the Dungeon
 10622 | D:10     | Reached skill level 14 in Unarmed Combat
 10747 | D:10     | Noticed mexichick's ghost (journeyman OpMo)
 10777 | D:10     | Killed mexichick's ghost
 11207 | D:10     | Noticed a hill giant
 11217 | D:10     | Killed a hill giant
 11294 | D:10     | Noticed a hill giant
 11301 | D:10     | Killed a hill giant
 11301 | D:10     | Received a gift from Okawaru
 11974 | D:11     | Found a staircase to the Lair.
 12319 | D:11     | Found Mutism's Book Boutique.
 12414 | D:11     | Gained mutation: You are clumsy. (Dex -2) [mutagenic glow]
 12472 | D:11     | Gained mutation: You are dopey. (Int -2) [mutagenic glow]
 12698 | D:11     | Found Plog's Food Shoppe.
 12963 | D:11     | Found Kewyleimn's Armour Emporium.
 13074 | D:11     | Noticed an unseen horror
 13092 | D:11     | Killed an unseen horror
 13092 | D:11     | Reached skill level 15 in Unarmed Combat
 13248 | D:11     | Found Doiwn's Distillery.
 13349 | D:11     | Bought a potion of curing for 42 gold pieces
 13349 | D:11     | Bought a potion of curing for 42 gold pieces
 13951 | D:12     | Noticed a hill giant
 13966 | D:12     | Killed a hill giant
 14033 | D:12     | Reached XP level 12. HP: 65/88 MP: 9/15
 14186 | D:12     | Received a gift from Okawaru
 14769 | D:13     | Identified a scroll of acquirement
 15242 | D:13     | Noticed a centaur warrior
 15257 | D:13     | Killed a centaur warrior
 15411 | D:13     | Noticed a centaur warrior
 15420 | D:13     | Killed a centaur warrior
 15420 | D:13     | Reached skill level 16 in Unarmed Combat
 15795 | D:13     | Found a roughly hewn altar of Beogh.
 15901 | D:13     | Reached skill level 10 in Dodging
 16194 | D:13     | Noticed a tengu warrior
 16204 | D:13     | Killed a tengu warrior
 16312 | D:13     | Noticed a centaur warrior
 16325 | D:13     | Killed a centaur warrior
 16538 | D:14     | Reached ****** piety under Okawaru
 16632 | D:13     | Reached XP level 13. HP: 63/95 MP: 12/16
 16789 | D:11     | Reached skill level 17 in Unarmed Combat
 16824 | Lair:1   | Entered Level 1 of the Lair of Beasts
 17246 | Lair:1   | Reached skill level 10 in Transmutations
 17780 | Lair:1   | Reached skill level 1 in Shields
 18114 | Lair:2   | Identified the Almanac of Attacks
 18122 | Lair:2   | Noticed Nergalle
 18150 | Lair:2   | Killed Nergalle
 18150 | Lair:2   | Received a gift from Okawaru
 18223 | Lair:2   | Found a shattered altar of Ashenzari.
 19282 | Lair:3   | Found a staircase to the Snake Pit.
 20319 | Lair:4   | Noticed Kirke
 20398 | Lair:3   | Killed Kirke
 20504 | Lair:4   | Received a gift from Okawaru
 20593 | Lair:4   | Reached skill level 18 in Unarmed Combat
 20594 | Lair:4   | Noticed Josephine
 20895 | Lair:4   | Killed Josephine
 21695 | Lair:4   | Found a staircase to the Swamp.
 22616 | Lair:5   | Found a staircase to the Slime Pits.
 22830 | Lair:5   | Reached XP level 14. HP: 106/106 MP: 11/17
 23370 | Lair:6   | Entered Level 6 of the Lair of Beasts
 23456 | Lair:6   | Identified the +7 chain mail "Etaneqoa" {Dex+7} (You found it on level 6 of the Lair of Beasts)
 23687 | Lair:6   | Got a distressingly furry robe
 23714 | Lair:6   | Received a gift from Okawaru
 23847 | Lair:6   | Received a gift from Okawaru
 24004 | Lair:6   | Reached skill level 19 in Unarmed Combat
 24762 | Lair:6   | Received a gift from Okawaru
 25553 | Orc:1    | Entered Level 1 of the Orcish Mines
 25788 | Orc:1    | Found a roughly hewn altar of Beogh.
 25945 | Orc:1    | Upgraded the game from 0.20-a0-270-g8e735b6 to 0.20-a0-274-g7b51309
 25962 | Orc:2    | Entered Level 2 of the Orcish Mines
 26073 | Orc:1    | Received a gift from Okawaru
 26076 | Orc:1    | Got a bloodstained robe {god gift}
 26087 | Orc:1    | Identified the +2 robe "Naagoen" {-Tele rF+ Str+2 Dex+7} (Okawaru gifted it to you on level 1 of the Orcish Mines)
 26097 | Orc:1    | Identified the +4 robe of Integrity {-Tele Regen+ Str+3} (You found it on level 6 of the Lair of Beasts)
 26191 | Orc:2    | Noticed Nessos
 26248 | Orc:2    | Noticed Erolcha
 26255 | Orc:1    | Reached skill level 10 in Fighting
 26255 | Orc:1    | Reached skill level 20 in Unarmed Combat
 26571 | Orc:1    | Killed Erolcha
 26643 | Orc:2    | Killed Nessos
 26910 | Orc:2    | Lost mutation: You are dopey. (Int -2) [miscasting Blade Hands]
 27207 | Orc:2    | Reached skill level 1 in Evocations
 27208 | Orc:2    | Noticed Maurice
 27218 | Orc:2    | Killed Maurice
 27264 | Orc:2    | Reached XP level 15. HP: 64/115 MP: 10/18
 27454 | Orc:2    | Found Feolotelu's Magic Scroll Boutique.
 27454 | Orc:2    | Found Gaopt's Weapon Emporium.
 27455 | Orc:2    | Found Voffif's Book Shoppe.
 27455 | Orc:2    | Found Yceen's Food Boutique.
 27498 | Orc:2    | Bought a scroll of fog for 34 gold pieces
 27502 | Orc:2    | Bought a scroll of enchant armour for 127 gold pieces
 27502 | Orc:2    | Bought a scroll of identify for 34 gold pieces
 27502 | Orc:2    | Bought a scroll of silence for 127 gold pieces
 27585 | Orc:2    | Received a gift from Okawaru
 27688 | Orc:2    | Found a staircase to the Elven Halls.
 28072 | D:14     | Found a gate to the Vaults.
 28072 | D:14     | Noticed Rupert
 28072 | D:14     | Noticed Urug
 28330 | D:14     | Killed Urug
 28616 | D:14     | Killed Rupert
 29546 | D:15     | Entered Level 15 of the Dungeon
 29759 | D:15     | Reached skill level 5 in Evocations
 29948 | D:15     | Received a gift from Okawaru
 30475 | D:15     | Found a staircase to the Depths.
 31413 | Orc:2    | Noticed an orc warlord
 31826 | Elf:1    | Entered Level 1 of the Elven Halls
 31878 | Elf:1    | Reached skill level 21 in Unarmed Combat
 32035 | Elf:1    | Reached XP level 16. HP: 69/122 MP: 14/20
 32192 | Elf:1    | Received a gift from Okawaru
 32284 | Elf:1    | Found a magical portal.
 32343 | WizLab   | Entered Wucad Mu's Monastery
 32857 | WizLab   | Lost mutation: You are clumsy. (Dex -2) [potion of cure mutation]
 32858 | WizLab   | Gained mutation: You are surrounded by a mild repulsion field. (EV +2) [potion of beneficial mutation]
 33046 | Elf:1    | Reached XP level 17. HP: 128/128 MP: 17/23
 33443 | Elf:1    | Reached skill level 5 in Invocations
 34216 | Elf:1    | Received a gift from Okawaru
 36391 | Elf:2    | Found a huge runed gate.
 36391 | Elf:2    | Found a huge runed gate.
 36391 | Elf:2    | Found a huge runed gate.
 36392 | Elf:2    | Found a huge runed gate.
 36392 | Elf:2    | Found a huge runed gate.
 36586 | Elf:2    | Reached XP level 18. HP: 124/146 MP: 18/24
 36742 | Elf:2    | Received a gift from Okawaru
 36752 | Elf:2    | Got a pitted buckler {god gift}
 36763 | Elf:2    | Identified the +0 buckler "Moedoon" {Dex+4} (Okawaru gifted it to you on level 2 of the Elven Halls)
 36903 | Elf:2    | Learned a level 2 spell: Passwall
 37257 | Elf:2    | Learned a level 4 spell: Passage of Golubria
 37806 | Elf:2    | Reached skill level 15 in Fighting
 38411 | Elf:2    | Received a gift from Okawaru
 38691 | Elf:3    | Entered Level 3 of the Elven Halls
 38748 | Elf:3    | Found Zexket's Armour Emporium.
 38754 | Elf:3    | Found Rureff's Antique Weapon Shop.
 38980 | Elf:3    | Reached skill level 22 in Unarmed Combat
 39460 | Elf:3    | Got a clouded pewter ring
 39516 | Elf:3    | Received a gift from Okawaru
 39519 | Elf:3    | Got an ichor-stained scale mail {god gift}
 39627 | Elf:3    | Identified the +1 scale mail of Satisfaction {rElec Str+2 Dex-3} (Okawaru gifted it to you on level 3 of the Elven Halls)
 39629 | Elf:3    | Got a glittering turquoise ring
 39631 | Elf:3    | Identified the ring "Mokorak" {rElec MP+9 Dex+4} (You took it off a deep elf mage on level 3 of the Elven Halls)
 40161 | Elf:3    | Identified the Tome of Orientation and Transformation
 40264 | Elf:3    | Reached skill level 15 in Dodging
 40266 | Elf:3    | Noticed a Hell Sentinel
 40330 | Elf:3    | Reached XP level 19. HP: 141/155 MP: 25/25
 40723 | Elf:3    | Identified the ring of Activism {+Blink rElec Str-5 Int+2 Dex+3} (You took it off a deep elf knight on level 3 of the Elven Halls)
 40860 | Elf:3    | Noticed Jorgrun
 40874 | Elf:3    | Killed Jorgrun
 41247 | Orc:2    | Reached skill level 5 in Spellcasting
 41325 | D:9      | Learned a level 1 spell: Confusing Touch
 41329 | D:9      | Learned a level 3 spell: Confuse
 41335 | D:9      | Learned a level 5 spell: Yara's Violent Unravelling
 41560 | D:11     | Bought a book of Necromancy for 360 gold pieces
 41565 | D:11     | Learned a level 3 spell: Regeneration
 41653 | Snake:1  | Entered Level 1 of the Snake Pit
 41681 | Snake:1  | Reached skill level 1 in Hexes
 41694 | Snake:1  | Reached skill level 1 in Charms
 41697 | Snake:1  | Reached skill level 1 in Necromancy
 41893 | Snake:1  | Received a gift from Okawaru
 43050 | Snake:2  | Reached skill level 5 in Hexes
 43573 | Snake:2  | Received a gift from Okawaru
 44534 | Snake:3  | Found a stormy altar of Qazlal.
 44857 | Snake:3  | Reached skill level 10 in Hexes
 45012 | Snake:4  | Entered Level 4 of the Snake Pit
 45397 | Snake:4  | Found Sinoezxikk's Food Shoppe.
 45824 | Snake:4  | Received a gift from Okawaru
 46338 | Snake:4  | Reached XP level 20. HP: 133/162 MP: 22/27
 47663 | Snake:4  | Got a serpentine rune of Zot
 48324 | Swamp:1  | Entered Level 1 of the Swamp
 48688 | Swamp:1  | Noticed Louise
 48697 | Swamp:1  | Killed Louise
 49344 | Swamp:2  | Received a gift from Okawaru
 50403 | Swamp:3  | Received a gift from Okawaru
 50770 | Swamp:4  | Entered Level 4 of the Swamp
 51914 | Swamp:4  | Reached XP level 21. HP: 115/172 MP: 33/33
 52610 | Swamp:4  | Got a decaying rune of Zot
 53181 | Elf:2    | Learned a level 6 spell: Invisibility
 53191 | Elf:2    | Learned a level 8 spell: Discord
 53393 | Vaults:1 | Entered Level 1 of the Vaults
 53803 | Vaults:1 | Received a gift from Okawaru
 54068 | Vaults:1 | Reached skill level 15 in Hexes
 55101 | Vaults:2 | Identified the +1 cloak of Chill Winds {Int-4 Dex+4 Stlth+} (You found it on level 2 of the Vaults)
 56376 | Vaults:3 | Received a gift from Okawaru
 56385 | Vaults:3 | Identified the +1 cloak of the Hidden Vale {rCorr Str+5} (Okawaru gifted it to you on level 3 of the Vaults)
 56395 | Vaults:3 | Learned a level 2 spell: Blink
 56577 | Vaults:3 | Noticed Boris
 56599 | Vaults:3 | Killed Boris
 56776 | Vaults:3 | Slain by a vault guard

Vault maps used:
D:1:      tarquinn_simple_flora_water_a, serial_forest,
          infiniplex_forest_corner_1, infiniplex_forest_end_2,
          infiniplex_forest_straight_3, infiniplex_forest_zigzag_1,
          infiniplex_forest_lined_room_3, minmay_tetromino_t2
D:2:      lemuel_doored_altar
D:3:      xom_teletrap_fun, serial_bayou_crossing
D:5:      wad_crossroads, first_bread, serial_shops, shop, uniq_blork_the_orc
D:6:      basic_altar, uniq_crazy_yiuf_cottage, uniq_pikel, uniq_prince_ribbit1
D:7:      nicolae_overflow_hidden_temple, st_stairs_4, uniq_duvessa
D:8:      uniq_grum, uniq_gastronok, uniq_psyche, uniq_erica
D:9:      hiddenorc2_lemuel, serial_shops, kennysheep_mini_moat, david_nohive_1
D:11:     due_lair_maze_entry_diamond, serial_shops, nicolae_shop_crystal,
          nicolae_shop_waterfront, shop, shop
D:12:     minivault_25
D:14:     david_vaults_3, corexii_corridor_pit
D:15:     gammafunk_enter_depths_forms
Temple:   regret_index_temple_waves
Lair:2:   basic_altar, uniq_nergalle
Lair:3:   minmay_snake_entry_six_corridors, infiniplex_staircase_pool,
          serial_bayou_shore_a, uniq_rupert, uniq_urug
Lair:4:   nicolae_swamp_entry_splash_gauntlet, uniq_josephine, uniq_kirke
Lair:5:   beast_lair_carwin_large_2, slime_dummy, grunt_forest_large_clearings,
          infiniplex_staircase_pool_2
Lair:6:   grunt_lair_end_beastmaster, small_statue_intersection,
          grunt_forest_small_clearings
Swamp:1:  serial_swamp_ruin, hangedman_swamp_ruin_wall,
          evilmike_swamp_ruin_house_3, evilmike_swamp_ruin_house_4, uniq_louise
Swamp:2:  evilmike_swamp_ruin_house_6, swamp_pool1
Swamp:3:  evilmike_swamp_ruin_rubble_1
Swamp:4:  swamp_vile, swamp_pool2
Snake:3:  basic_altar, minmay_snake_pond
Snake:4:  snake_hunt, serial_shops, shop, grunt_megastairs_3
Orc:1:    basic_altar
Orc:2:    st_orc_ogre_mass, uniq_maurice, uniq_nessos, uniq_erolcha
Elf:1:    minmay_coctagon, infiniplex_enter_wizlab_spiral, orc_legates
Elf:2:    grunt_megastairs_2, basic_stair_grate_trap
Elf:3:    grunt_elf_hall_spiral, serial_shops, shop, shop,
          basic_stair_grate_trap, uniq_jorgrun
Vaults:1: nicolae_vaults_network_quincunx, vaults_mumra_lcd,
          ontoclasm_vaults_claustrophobia, v_misc_12, nicolae_vaults_theta,
          vaults_room_door_ring, nicolae_vaults_alarming
Vaults:2: grunt_vaults_diagonal, v_rooms_4, hangedman_vaults_capsules,
          vaults_dpeg_cross, ontoclasm_vaults_spin, v_misc_10, v_misc_22,
          st_cells, ontoclasm_vaults_twist, vaults_room_fours,
          hangedman_vaults_pinch, ontoclasm_vaults_hangar, vaults_room_pools,
          ontoclasm_vaults_pinch
Vaults:3: v_misc_8, hangedman_vaults_hat, hangedman_vaults_river_flow,
          nicolae_vaults_circle_grid_b, minmay_crypt_entry_simple_corners,
          hangedman_vaults_restitches, nicolae_vaults_meeting,
          hangedman_vaults_corner_blocks, nicolae_vaults_border_crossing,
          nicolae_vaults_windows_and_doors_thing, v_misc_33,
          nicolae_vaults_little_squares_1, ontoclasm_vaults_gateway, uniq_boris,
          uniq_nikola
WizLab:   wizlab_wucad

Skill      XL: |  1  2  3  4  5  6  7  8  9 10 11 12 13 14 15 16 17 18 19 20 21 |
---------------+----------------------------------------------------------------+-----
Unarmed Combat | 4 5 6 7 8 9 10 12 13 15 16 18 20 21 22 | 22.3
Fighting       | 1 2 3 4 6 8 10 14 15 16 17 | 17.2
Invocations    | 3 4 7 8 |  8.2
Dodging        | 4 6 8 10 12 13 15 17 18 | 18.2
Transmutations | 5 7 9 10 | 10.0
Shields        | 4 |  4.1
Evocations     | 1 6 8 |  8.0
Spellcasting   | 4 5 8 9 |  9.1
Hexes          | 14 17 | 17.8
Charms         | 3 |  3.0
Necromancy     | 4 |  4.2

Action                   |  1- 3 |  4- 6 |  7- 9 | 10-12 | 13-15 | 16-18 | 19-21 || total
-------------------------+-------+-------+-------+-------+-------+-------+-------++-------
Melee: Unarmed           |   135 |   179 |   330 |  1042 |  1140 |   561 |  1529 ||  4916
       Kick              |    12 |    28 |    36 |   107 |     5 |       |       ||   188
       Headbutt          |     4 |     7 |    21 |    20 |     4 |       |    21 ||    77
       Bite              |     4 |    23 |    45 |   102 |   100 |    71 |   180 ||   525
       Punch             |     1 |     6 |    21 |    61 |   101 |    61 |   168 ||   419
Throw: Javelin           |    31 |    10 |    16 |     5 |       |       |       ||    62
       Throwing net      |       |       |     1 |       |       |       |       ||     1
 Cast: Beastly Appendage |    34 |    30 |    50 |    70 |    11 |       |    10 ||   205
       Sticks to Snakes  |     1 |       |     1 |       |     1 |     3 |       ||     6
       Blade Hands       |       |       |       |    23 |   169 |    94 |   176 ||   462
       Ice Form          |       |       |       |       |     1 |       |       ||     1
       Regeneration      |       |       |       |       |       |       |    51 ||    51
       Confuse           |       |       |       |       |       |       |     6 ||     6
       Invisibility      |       |       |       |       |       |       |     6 ||     6
Invok: Heroism           |       |     1 |    10 |    37 |    28 |    21 |    21 ||   118
       Finesse           |       |       |       |     2 |     2 |     3 |     4 ||    11
 Abil: Bat Form          |       |     1 |       |       |     1 |     3 |     1 ||     6
       Evoke Invisibilit |       |       |       |       |     2 |       |     1 ||     3
       End Transformatio |       |       |       |       |     1 |    10 |     8 ||    19
Evoke: Wand              |       |       |       |       |     4 |     2 |     1 ||     7
  Use: Potion            |    11 |    10 |    24 |    60 |   149 |    67 |   125 ||   446
       Scroll            |       |    13 |     8 |     9 |    13 |    10 |    13 ||    66
 Stab: Sleeping          |       |       |       |     5 |     2 |     2 |     1 ||    10
       Distracted        |       |       |       |     1 |     2 |     1 |     2 ||     6
       Fleeing           |       |       |       |       |     2 |       |       ||     2
       Invisible         |       |       |       |       |     1 |       |    22 ||    23
       Confused          |       |       |       |       |       |       |     1 ||     1
Armor: Robe              |     3 |       |    78 |   140 |   139 |    65 |    18 ||   443
       Ring mail         |    40 |    63 |       |       |       |       |       ||   103
       Skin              |       |       |       |       |       |     7 |       ||     7
       Leather armour    |       |       |       |       |       |       |   175 ||   175
Dodge: Dodged            |    73 |   103 |   232 |   653 |   795 |   334 |  1347 ||  3537
Block: Buckler           |       |       |       |       |    40 |    16 |    79 ||   135
       Reflection        |       |       |       |       |       |       |    10 ||    10
